 Dungeon Crawl Stone Soup version 0.27.1-33-g824d729ab1 (webtiles) character file.

Game seed: 3097633697168621857

8 Anathary the Firebug (level 2, 0/19 HPs)
             Began as a Demonspawn Fire Elementalist on Dec 9, 2021.
             Slain by a bat (1 damage)
             ... on level 1 of the Dungeon.
             The game lasted 00:02:56 (347 turns).

Anathary the Firebug (Demonspawn Fire Elementalist)  Turns: 347, Time: 00:02:57

Health: 0/19       AC:  2    Str:  8    XL:     2   Next: 0%
Magic:  1/5        EV: 12    Int: 16    God:
Gold:   48         SH:  0    Dex: 13    Spells: 4/5 levels left

rFire    . . .     SeeInvis .   (no weapon)
rCold    . . .     Faith    .   (no shield)
rNeg     . . .     Spirit   .   a - +0 robe
rPois    .         Reflect  .   (helmet restricted)
rElec    .         Harm     .   (no cloak)
rCorr    .         Rampage  .   (no gloves)
Will     .....                  (no boots)
Stlth    ++........             (no amulet)
HPRegen  0.06/turn              (no ring)
MPRegen  0.09/turn              (no ring)

@: no status effects
A: horns 1
a: no special abilities


You were on level 1 of the Dungeon.
You visited 1 branch of the dungeon, and saw 1 of its levels.

You collected 48 gold pieces.

Inventory:

Armour
 a - a +0 robe (worn)
 b - a +0 crystal plate armour


   Skills:
 + Level 1.7 Dodging
 + Level 1.7 Stealth
 + Level 2.1 Spellcasting
 + Level 1.2 Conjurations
 * Level 3.1 Fire Magic


You had 4 spell levels left.
You knew the following spells:

 Your Spells              Type           Power      Damage    Failure   Level
a - Foxfire               Conj/Fire      32%        2x1d5     9%          1

Your spell library contained the following spells:

 Spells                   Type           Power      Damage    Failure   Level
 Conjure Flame            Conj/Fire      8%         6-21      26%         3
 Inner Flame              Hex/Fire       6%         N/A       32%         3
 Sticky Flame             Conj/Fire      8%         2d3       63%         4
 Fireball                 Conj/Fire      4%         3d4       93%         5


Dungeon Overview and Level Annotations

Branches:
Dungeon (1/15)

Altars:


Innate Abilities, Weirdness & Mutations

You have a pair of small horns on your head.


Message History

You closely miss the bat.
The bat is heavily wounded.
The bat hits you but does no damage. The jackal barely misses you.
The bat hits you.
The jackal bites you but does no damage.
The jackal misses you. The bat barely misses you. The jackal bites you.
The bat hits you. The jackal bites you.
* * * LOW HITPOINT WARNING * * *
The jackal bites you but does no damage.
The jackal barely misses you. The jackal misses you.
The jackal barely misses you.
Casting: Foxfire (safe; 9% risk of failure)
Confirm with . or Enter, or press ? or * to list all spells.
You conjure some foxfire!
The jackal bites you but does no damage.
The jackal closely misses you.
The foxfire hits the jackal.
The jackal is moderately wounded.
The foxfire hits the jackal.
You kill the jackal!
The bat hits you but does no damage.
You have reached level 2!
Your demonic ancestry asserts itself...
A pair of horns grows on your head!
You miss the bat. Your headbutt misses the bat. The bat barely misses you.
Casting: Foxfire (safe; 9% risk of failure)
Confirm with . or Enter, or press ? or * to list all spells.
You don't have enough magic to cast this spell.
The bat hits you but does no damage. The bat closely misses you.
The bat closely misses you. The bat hits you but does no damage.
The bat hits you but does no damage. The bat barely misses you.
The bat hits you.
* * * LOW HITPOINT WARNING * * *
The bat hits you.
You die...

######....###.........####.......
............+.........'.[........
######....###.........####...P._P
#......###.......## #..♣..♣P
#.####..##......## #....P.♣ #.
##....#...## #..#.... #.
##..#r÷##+### #..##.#.
#.###..#.#..#...## #..##.#.
......#..h#b@....# #.......
#####..[..#####.#
.#...........#.....
..#....<....#..####
..#[........#..#
.#...........#..#
#####.....#####.#
.....#...#....... ###...#.#....#.


You could see a jackal, a bat and a rat.

Vanquished Creatures
  A giant cockroach (D:1)
  A hobgoblin (D:1)
  3 jackals (D:1)
  A quokka (D:1)
6 creatures vanquished.

Vanquished Creatures (others)
  17 foxfires (D:1)
17 creatures vanquished.

Grand Total: 23 creatures vanquished

Notes
Turn   | Place    | Note
-------+----------+-------------------------------------------
     0 | D:1      | Anathary the Demonspawn Fire Elementalist began the quest
                  | for the Orb.
     0 | D:1      | Reached XP level 1. HP: 13/13 MP: 3/3
    50 | D:1      | Found a faded altar of an unknown god.
   177 | D:1      | Reached skill level 3 in Fire Magic
   338 | D:1      | Gained mutation: You have a pair of small horns on your
                  | head. [demonic ancestry]
   338 | D:1      | Reached XP level 2. HP: 2/19 MP: 0/5
   347 | D:1      | Slain by a bat

Illustrated notes

Levels and vault maps discovered:
D:1:      scummos_arrival_star, layout_loops_corners,
          ebering_ecumenical_altar_petrified

Skill      XL: |  1 |
---------------+----+-----
Fire Magic     | 3 |  3.1
Dodging        | |  1.7
Stealth        | |  1.7
Spellcasting   | |  2.1
Conjurations   | |  1.2

Action                   || total
-------------------------++-------
Melee: Unarmed           ||     6
 Cast: Foxfire           ||    11
Armor: Robe              ||    18
Dodge: Dodged            ||    27
